 Dungeon Crawl Stone Soup version 0.28-a0-794-gafe8c5f9e9 (webtiles) character file.

Game seed: 13112791026318711507

282 cheechan the Chopper (level 6, -5/41 HPs)
             Began as an Octopode Gladiator on Nov 5, 2021.
             Splashed by a jelly's acid (7 damage)
             ... on level 4 of the Dungeon.
             The game lasted 00:09:54 (3325 turns).

cheechan the Chopper (Octopode Gladiator)           Turns: 3325, Time: 00:09:55

Health: -5/41      AC: -2    Str: 15    XL:     6   Next: 28%
Magic:  7/7        EV: 14    Int: 10    God:
Gold:   153        SH:  5    Dex: 14    Spells: 6/7 levels left

rFire   . . .      SeeInvis .   k - +4 club
rCold   . . .      Faith    .   (no shield)
rNeg    . . .      Spirit   .   b - +1 hat
rPois   +          Reflect  +   h - amulet of reflection
rElec   .          Harm     .   m - ring of poison resistance
rCorr   .          Rampage  .   (no ring)
Will    .....                   (no ring)
Stlth   +++.......              (no ring)
HPRegen 0.13/turn               (no ring)
MPRegen 0.10/turn               (no ring)
                                (no ring)
                                (no ring)

@: corroded
A: almost no armour, amphibious, 8 rings, camouflage 1, gelatinous body 1,
(nimble swimmer 1), tentacles
a: no special abilities


You were on level 4 of the Dungeon.
You visited 1 branch of the dungeon, and saw 4 of its levels.

You collected 153 gold pieces.

Inventory:

Hand Weapons
 a - a +0 war axe
 k - a +4 club (weapon)
Missiles
 c - 3 throwing nets (quivered)
 d - 17 bolts
 g - 8 arrows
Armour
 b - a +1 hat (worn)
Jewellery
 h - an amulet of reflection (around mantle)
 m - a ring of poison resistance (left tentacle)
Wands
 j - a wand of paralysis (4)
 n - a wand of flame (18)
Scrolls
 e - 4 scrolls of identify
Potions
 f - a potion of cancellation
 l - a potion of might {unknown}


   Skills:
 + Level 2.8 Fighting
 + Level 4.7(4.8) Axes
 + Level 0.7(3.0) Maces & Flails
 + Level 2.1 Throwing
 + Level 3.8 Dodging
 + Level 3.2 Stealth
 + Level 0.4 Shields
 + Level 1.0 Spellcasting
 + Level 0.9 Conjurations


You had 6 spell levels left.
You knew the following spells:

 Your Spells              Type           Power      Damage    Failure   Level
a - Magic Dart            Conj           8%         1d3       24%         1

Your spell library contained the following spells:

 Spells                   Type           Power      Damage    Failure   Level
 Searing Ray              Conj           4%         2d4       34%         2
 Ensorcelled Hibernation  Hex/Ice        0%         N/A       45%         2
 Spider Form              Tmut/Pois      0%         N/A       71%         3
 Fulminant Prism          Conj/Hex       0%         3d6       96%         4


Dungeon Overview and Level Annotations

Branches:
Dungeon (4/15)
 Temple: D:4-7

Altars:

Shops:
D:3 =


Innate Abilities, Weirdness & Mutations

You cannot wear most types of armour.
You are amphibious.
You can wear up to eight rings at the same time.
Your skin changes colour to match your surroundings (Stealth+).
Your rubbery body absorbs attacks. (AC +1, EV +1)
((You are camouflaged near water. (Stealth+)))
You have tentacles for arms and can constrict up to eight enemies at once.


Message History

You hit the scorpion. You squeeze the scorpion.
The scorpion is heavily wounded.
You constrict the scorpion. The orc barely misses you. The scorpion misses you.
The orc hits you but does no damage.
You hit the scorpion.
The scorpion is almost dead.
You constrict the scorpion.
You kill the scorpion!
The orc hits you with a +0 morningstar. The orc hits you with a +0 morningstar.
Items here: ) [ ††.
You block the orc's attack. The orc closely misses you.
You hit the orc. You grab the orc. You squeeze the orc.
You kill the orc!
Your Spellcasting skill increases to level 1!
Items here: ( )) ††.
Items here: ) [ ††.
Things that are here:
a +0 chain mail; a +0 hand axe; an orc corpse
Items here: ) [ ††.
Items here: ( )) ††.
Items here: ) [ ††.
You start resting.
HP restored.
There is a stone staircase leading down, spattered with blood here.
You climb downwards.
You block the sky beast's attack. The jelly hits you.
You are splashed with acid!
The sky beast hits you. The sky beast shocks you.
The orc priest begins to cast a cantrip, but forgets the words!
The jelly hits you. The acid corrodes you!
You are splashed with acid!
There is a stone staircase leading up here.
The sky beast hits you.
* * * LOW HITPOINT WARNING * * *
The sky beast shocks you.
* * * LOW HITPOINT WARNING * * *
The orc priest invokes the aid of Beogh against you.
You barely resist. The jelly hits you.
* * * LOW HITPOINT WARNING * * *
You are splashed with acid!
You die...

######
#@o..#
#YJ..#
#....#
#....#
#....#
#.....
#....<.
#.......


You could see a sky beast, a jelly and an orc priest.

Vanquished Creatures
  A scorpion (D:3)
  2 orc priests (D:3)
  Jessica (D:2)
  Ijyb (D:3)
  4 adders
  4 worms
  A dart slug (D:2)
  2 orcs (D:3)
  6 endoplasms
  7 giant cockroaches
  6 goblins
  4 hobgoblins
  7 jackals
  4 kobolds
  A quokka (D:1)
  3 ball pythons
  8 bats
  5 frilled lizards
  A jackal skeleton (D:2)
68 creatures vanquished.

Notes
Turn   | Place    | Note
-------+----------+-------------------------------------------
     0 | D:1      | cheechan the Octopode Gladiator began the quest for the
                  | Orb.
     0 | D:1      | Reached XP level 1. HP: 14/14 MP: 1/1
    74 | D:1      | Reached XP level 2. HP: 17/19 MP: 2/2
   844 | D:1      | Reached XP level 3. HP: 24/24 MP: 3/3
  1105 | D:2      | Noticed Jessica
  1115 | D:2      | Killed Jessica
  1116 | D:2      | Reached skill level 4 in Axes
  1116 | D:2      | Reached skill level 1 in Stealth
  1116 | D:2      | Reached XP level 4. HP: 14/30 MP: 4/4
  1121 | D:2      | HP: 1/30 [poisoned by an adder]
  1820 | D:2      | Found a faded altar of an unknown god.
  1859 | D:2      | Learned a level 1 spell: Magic Dart
  2062 | D:2      | Reached XP level 5. HP: 35/35 MP: 0/5
  2336 | D:3      | Noticed Ijyb
  2347 | D:3      | Paralysed by Ijyb for 3 turns
  2354 | D:3      | Killed Ijyb
  2445 | D:3      | Found Geseorgh's Jewellery Boutique.
  3067 | D:3      | Reached XP level 6. HP: 19/41 MP: 6/6
  3233 | D:4      | Noticed a sky beast
  3245 | D:3      | Reached skill level 1 in Spellcasting
  3325 | D:4      | HP: 2/41 [jelly (2)]
  3325 | D:4      | Splashed by a jelly's acid

Illustrated notes

Levels and vault maps discovered:
D:1:      amcnicky_arrival_flooded_fountain, layout_basic
D:2:      layout_basic, ebering_ecumenical_altar_sacrificial,
          minmay_increasing_density, uniq_jessica
D:3:      layout_loops_corners, serial_shops, shop, uniq_ijyb
D:4:      layout_gridville, mainiacjoe_overflow_swirl, minmay_shop_grid_forest,
          uniq_crazy_yiuf_cottage, uniq_sigmund

Skill      XL: |  1  2  3  4  5  6 |
---------------+-------------------+-----
Axes           | 4 |  4.7
Stealth        | 1 2 3 |  3.2
Spellcasting   | 1 |  1.0
Fighting       | |  2.8
Maces & Flails | |  0.7
Throwing       | |  2.1
Dodging        | |  3.8
Shields        | |  0.4
Conjurations   | |  0.9

Action                   |  1- 3 |  4- 6 || total
-------------------------+-------+-------++-------
Melee: War axe           |    52 |    47 ||    99
       Constrict         |    14 |    17 ||    31
       Tentacles         |     4 |    24 ||    28
       Club              |       |    30 ||    30
 Cast: Magic Dart        |       |    15 ||    15
  Use: Scroll            |     1 |     3 ||     4
       Potion            |       |     1 ||     1
 Stab: Sleeping          |     3 |     8 ||    11
       Distracted        |     1 |       ||     1
Armor: Skin              |     9 |     7 ||    16
Dodge: Dodged            |    59 |    47 ||   106
Block: Other             |       |    20 ||    20

Table legend: (Time is in decaauts)
 A = Elapsed time spent in this place.
 B = Non-inter-level travel time spent in this place.
 C = Inter-level travel time spent in this place.
 D = Time resting spent in this place.
 E = Time spent auto-exploring this place.
 F = Levels seen in this place.
 G = Mean time per level.
                   A        B        C        D        E       F      G
               +--------+--------+--------+--------+--------+-----+--------+
         Total |   3361 |   3361 |      0 |    754 |      0 |   4 |  840.2 |
       Dungeon |   3361 |   3361 |      0 |    754 |      0 |   4 |  840.2 |
               +--------+--------+--------+--------+--------+-----+--------+

Top non-repeatable levels by time:
     D:3: 1159 daAuts
     D:2: 1112 daAuts
     D:1: 1081 daAuts
     D:4: 6 daAuts
